 Dungeon Crawl Stone Soup version 0.23.1-44-gbd83930989 (webtiles) character file.

Game seed: 15089995697262963811

191 Marnok the Skirmisher (level 6, 0/48 HPs)
             Began as a Human Fighter on Mar 31, 2019.
             Slain by an ogre
             ... wielding a +0 giant club
              (12 damage)
             ... on level 4 of the Dungeon.
             The game lasted 00:05:23 (1065 turns).

Marnok the Skirmisher (Human Fighter)               Turns: 1065, Time: 00:05:23

Health: 0/48       AC:  9    Str: 18    XL:     6   Next: 1%
Magic:  0/6        EV:  7    Int:  9    God:
Gold:   108        SH:  9    Dex: 12    Spells: 5/5 levels left

rFire    + + .     SeeInvis .   a - +0 long sword
rCold    x . .     Gourm    .   c - +0 shield
rNeg     . . .     Faith    .   l - +0 fire dragon scales
rPois    .         Spirit   +   (no helmet)
rElec    .         Reflect  .   j - scarf {Spirit}
rCorr    .         Harm     .   (no gloves)
MR       .....                  (no boots)
Stlth    ..........             (no amulet)
HPRegen  0.16/turn              (no ring)
MPRegen  0.10/turn              (no ring)

@: no status effects
A: no striking features
a: no special abilities


You were on level 4 of the Dungeon.
You were not hungry.

You visited 1 branch of the dungeon, and saw 4 of its levels.

You collected 108 gold pieces.

Inventory:

Hand Weapons
 a - a +0 long sword (weapon)
Armour
 b - a +0 scale mail
 c - a +0 shield (worn)
 j - a scarf of spirit shield (worn)
 l - +0 fire dragon scales (worn)
Scrolls
 h - 2 scrolls of teleportation {unknown}
 i - 2 scrolls of remove curse
 m - a scroll of identify {unknown}
 o - a scroll of amnesia {unknown}
Potions
 d - 2 potions of might
 e - a potion of agility
 k - 2 potions of curing
 n - a potion of degeneration {unknown}
 p - a potion of ambrosia {unknown}
Comestibles
 f - 3 rations


   Skills:
 + Level 4.1 Fighting
 + Level 3.6 Long Blades
 + Level 3.5 Armour
 + Level 0.8 Dodging
 + Level 3.8 Shields


You had 5 spell levels left.
You didn't know any spells.
Your spell library was empty.

Dungeon Overview and Level Annotations

Branches:
Dungeon (4/15)             Temple (0/1) D:4

Altars:
Ashenzari


Message History

You feel sick. The ogre hits you but does no damage.
You hit the ogre.
The ogre is heavily wounded.
The ogre barely misses you.
You barely miss the ogre.
The ogre is heavily wounded.
You feel sick. The ogre hits you but does no damage.
You hit the ogre.
The ogre is heavily wounded.
The ogre closely misses you.
You riposte.
You hit the ogre.
The ogre is severely wounded.
You barely miss the ogre.
The ogre is severely wounded.
You feel sick. You block the ogre's attack.
Your shield and fire dragon scales prevent you from hitting the ogre.
The ogre is severely wounded.
The ogre hits you with a +0 giant club!!
* * * LOW HITPOINT WARNING * * *
You feel better. The ogre hits you with a +0 giant club!
You die...

#...........
#.#.#.#.#.# #..........
##...## #.....# .
#.....# .# #.....# ##.#
#.....##...# #....oO@.#
#.....#..##
#.....#...#### .
######.........
##.........##.
..#.#..#..####...
#(..#....#...#..##
#####..........#...#...
#.....#.....####...#.##
#


You could see an ogre and an orc.

Vanquished Creatures
  A scorpion (D:4)
  An orc priest (D:3)
  Jessica (D:3)
  A worker ant (D:3)
  2 adders
  A worm (D:3)
  4 leopard geckos
  5 orcs (D:3)
  4 giant cockroaches
  5 goblins
  A quokka (D:3)
  2 bats (D:3)
  A frilled lizard (D:1)
  3 kobolds
  7 rats
39 creatures vanquished.

Notes
Turn   | Place    | Note
-------+----------+-------------------------------------------
     0 | D:1      | Marnok the Human Fighter began the quest for the Orb.
     0 | D:1      | Reached XP level 1. HP: 18/18 MP: 1/1
   112 | D:2      | Reached XP level 2. HP: 22/24 MP: 2/2
   251 | D:2      | Reached XP level 3. HP: 29/29 MP: 3/3
   376 | D:3      | Reached XP level 4. HP: 33/35 MP: 4/4
   402 | D:3      | HP: 2/52 [orc/+0 flail (4)]
   759 | D:3      | Noticed Jessica
   764 | D:3      | Killed Jessica
   764 | D:3      | Reached skill level 4 in Fighting
   764 | D:3      | Reached XP level 5. HP: 42/42 MP: 5/5
   994 | D:4      | Found a shattered altar of Ashenzari.
  1035 | D:4      | Found a staircase to the Ecumenical Temple.
  1035 | D:4      | Noticed an ogre
  1057 | D:4      | Reached XP level 6. HP: 27/48 MP: 4/6
  1064 | D:4      | HP: 1/48 [ogre/+0 giant club (23)]
  1065 | D:4      | Slain by an ogre

Skill      XL: |  1  2  3  4 |
---------------+-------------+-----
Long Blades    | 3 |  3.6
Fighting       | 4 |  4.1
Armour         | |  3.5
Dodging        | |  0.8
Shields        | |  3.8

Action                   |  1- 3 |  4- 6 || total
-------------------------+-------+-------++-------
Melee: Long sword        |    60 |    79 ||   139
  Use: Potion            |       |     4 ||     4
       Scroll            |       |     2 ||     2
  Eat: Chunk             |       |     1 ||     1
Armor: Scale mail        |    23 |    21 ||    44
       Fire dragon scale |       |    11 ||    11
Dodge: Dodged            |    10 |    26 ||    36
Block: Shield            |    29 |    49 ||    78
       Rpst.: Long sword |     1 |    11 ||    12
